AoeStats
← KK

Arabia

507092065Analyzed
4v4 RM · 17d ago on Sep 16, 2026· 15m 47s· 8 players
Game mode
Random Map
Map size
Large (8 player)
Population
200
Speed
Normal
Resources
Standard
Victory
Conquest
Starting age
Dark Age
Ending age
Imperial Age
RankedLock teamsTeams togetherTeam positionsShared explorationLock speedFull tech treeHidden civsTurbo modeCheats
Victory
Defeat
🇪🇸 Lithuanians · Spain
1591
+13
🇻🇳 Magyars · Vietnam
1588
+13
🇹🇼 Britons · Taiwan
1527
+15
🇻🇳 Mongols · Vietnam
1523
+16
🇦🇷 Magyars · Argentina
1591
-17
🇩🇪 Britons · Germany
1516
-14
🇨🇳 Vietnamese · China
1483
-13
🇭🇰 Persians · Hong Kong SAR China
1481
-13
VIPN@U
5:50 Loom
8:42 Feudal Age
9:16 Double-Bit Axe
Pelopincho
8:25 Feudal Age
9:02 Loom
9:06 Double-Bit Axe
9:28 Horse Collar
15:47 Scale Barding Armor
hungyh
6:48 Loom
9:45 Feudal Age
10:58 Double-Bit Axe
12:49 Fletching
14:53 Padded Archer Armor
thanh7531
9:45 Feudal Age
9:32 Loom
SbS | Havoc
5:50 Loom
8:58 Feudal Age
9:38 Double-Bit Axe
14:04 Fletching
sales96
6:31 Loom
9:12 Feudal Age
9:48 Double-Bit Axe
9:43 Horse Collar
9:49 Horse Collar
609170940
7:03 Loom
9:27 Feudal Age
10:05 Double-Bit Axe
14:47 Forging
KK
6:01 Loom
8:57 Feudal Age
9:56 Double-Bit Axe
14:32 Fletching
Connection lost

Rejoining the realm…

Still unreachable

The connection could not be restored.

Session expired

The server has moved on; the page needs a fresh start.